3R
GERMANTOWN URUGUAYANS @ BOMPTON BABY LAKERS
07/30/2041
 
TOP OF THE 1ST
Germantown Uruguayans batting - Pitching for Bompton Baby Lakers : LHP Zhao-hui Teng
Pitching: LHP Zhao-hui Teng
Batting: RHB Will Gamble 0-0: Ball
1-0: Foul Ball, location: 2F
1-1: Ball
2-1: Called Strike
2-2: SOLO HOME RUN (Line Drive, 78XD, EV 98.1 MPH), Distance : 407 ft
Batting: RHB Steve Gill 0-0: Ball
1-0: Swinging Strike
1-1: Ball
2-1: Swinging Strike
2-2: Strikes out looking
Batting: RHB Rubén Nuańez 0-0: Called Strike
0-1: Foul Ball, location: 2F
0-2: SINGLE (Line Drive, 8RS, EV 91.2 MPH)
Batting: RHB Halewijn Kraan 0-0: Ball
1-0: Fly out, F9 (Line Drive, 9D, EV 88.8 MPH)
Batting: RHB Kaaleppi Möttölä 0-0: Foul Ball, location: 2F
0-1: Called Strike
0-2: Ball
1-2: Ball
2-2: SINGLE (Line Drive, 8LS, EV 107.5 MPH)
Rubén Nuańez to second
Batting: LHB Ta-hye Keng 0-0: Called Strike
0-1: Swinging Strike
0-2: Ball
1-2: Strikes out swinging
Top of the 1st over - 1 run, 3 hits, 0 errors, 2 left on base; Germantown 1 - Bompton 0
BOTTOM OF THE 1ST
Bompton Baby Lakers batting - Pitching for Germantown Uruguayans : RHP Kimmo-Mikka Jokinen
Pitching: RHP Kimmo-Mikka Jokinen
Batting: RHB Keaton Sturge 0-0: Called Strike
0-1: Ball
1-1: Called Strike
1-2: Ball
2-2: Foul Ball, location: 2F
2-2: SINGLE (Flyball, 78S, EV 87.5 MPH)
Batting: RHB David Taylor 0-0: Foul Ball, location: 2F
0-1: Swinging Strike
0-2: Strikes out looking
Batting: RHB Jochen Nelis 0-0: Ball
1-0: Ball
2-0: Called Strike
2-1: Fly out, F4 (Popup, 34, EV 68.1 MPH)
Batting: LHB Reginald James 0-0: Called Strike
0-1: Foul Ball, location: 2F
0-2: Ball
1-2: Ball
2-2: Ball
3-2: Foul Ball, location: 2F
3-2: SINGLE (Groundball, 3D, EV 99.4 MPH)
Keaton Sturge to second
Keaton Sturge to third
Batting: LHB Leonardo Valdéz 0-0: Ball
1-0: Swinging Strike
1-1: Ball
2-1: Foul Ball, location: 2F
2-2: Foul Ball, location: 2F
2-2: Ball
3-2: SINGLE (Flyball, 9LS, EV 93.1 MPH)
Keaton Sturge scores
Reginald James to second
Reginald James to third
Batting: RHB Jarred Lloyd 0-0: Swinging Strike
0-1: Called Strike
0-2: Strikes out swinging
Bottom of the 1st over - 1 run, 3 hits, 0 errors, 2 left on base; Germantown 1 - Bompton 1
TOP OF THE 2ND
Germantown Uruguayans batting - Pitching for Bompton Baby Lakers : LHP Zhao-hui Teng
Batting: SHB Mark Thomas 0-0: Foul Ball, location: 2F
0-1: Ball
1-1: SOLO HOME RUN (Flyball, 7D, EV 93.1 MPH), Distance : 359 ft
Batting: RHB Karnamukha Thirunavu 0-0: Ball
1-0: Swinging Strike
1-1: Swinging Strike
1-2: Ball
2-2: Foul Ball, location: 2F
2-2: Strikes out swinging
Batting: LHB Bill Ware 0-0: Fly out, F8 (Flyball, 8LS, EV 90.0 MPH)
Batting: RHB Will Gamble 0-0: Ball
1-0: Ball
2-0: Ball
3-0: Called Strike
3-1: Swinging Strike
3-2: Ground out 6-3 (Groundball, 6M, EV 88.1 MPH)
Top of the 2nd over - 1 run, 1 hit, 0 errors, 0 left on base; Germantown 2 - Bompton 1
BOTTOM OF THE 2ND
Bompton Baby Lakers batting - Pitching for Germantown Uruguayans : RHP Kimmo-Mikka Jokinen
Batting: RHB Tim Rowland 0-0: Foul Ball, location: 2F
0-1: Foul Ball, location: 2F
0-2: Strikes out looking
Batting: RHB Kobbe Elders 0-0: Fly out, F3 (Line Drive, 3, EV 67.5 MPH)
Batting: RHB Duane Coleman 0-0: Ball
1-0: Ball
2-0: Called Strike
2-1: Foul Ball, location: 2F
2-2: Ground out 4-3 (Groundball, 34, EV 77.5 MPH)
Bottom of the 2nd over - 0 runs, 0 hits, 0 errors, 0 left on base; Germantown 2 - Bompton 1
TOP OF THE 3RD
Germantown Uruguayans batting - Pitching for Bompton Baby Lakers : LHP Zhao-hui Teng
Batting: RHB Steve Gill 0-0: Foul Ball, location: 2F
0-1: Ground out 5-3 (Groundball, 56S, EV 85.0 MPH)
Batting: RHB Rubén Nuańez 0-0: Called Strike
0-1: Foul Ball, location: 2F
0-2: Ball
1-2: Ball
2-2: Strikes out swinging
Batting: RHB Halewijn Kraan 0-0: Ball
1-0: Called Strike
1-1: Ball
2-1: Called Strike
2-2: Strikes out swinging
Top of the 3rd over - 0 runs, 0 hits, 0 errors, 0 left on base; Germantown 2 - Bompton 1
BOTTOM OF THE 3RD
Bompton Baby Lakers batting - Pitching for Germantown Uruguayans : RHP Kimmo-Mikka Jokinen
Batting: RHB Keaton Sturge 0-0: Called Strike
0-1: Ball
1-1: Ball
2-1: Ball
3-1: Base on Balls
Batting: RHB David Taylor 0-0: SINGLE (Groundball, 4MD, EV 101.9 MPH)
Keaton Sturge to second
Runner from 2nd tries for 3rd, SAFE, no throw by CF
Batting: RHB Jochen Nelis 0-0: Fielders Choice at 2nd, 1-6 (Groundball, 34S, EV 85.6 MPH)
Batting: LHB Reginald James 0-0: Called Strike
0-1: Ball
1-1: Ball
2-1: Ball
3-1: Foul Ball, location: 2F
3-2: Base on Balls
Jochen Nelis to second
Batting: LHB Leonardo Valdéz 0-0: Swinging Strike
0-1: Ball
1-1: Called Strike
1-2: Ball
2-2: Strikes out looking
Batting: RHB Jarred Lloyd 0-0: Ball
1-0: Ball
2-0: Ball
3-0: Base on Balls
Keaton Sturge scores
Jochen Nelis to third
Reginald James to second
Batting: RHB Tim Rowland 0-0: Called Strike
0-1: Ball
1-1: Called Strike
1-2: Strikes out swinging
Bottom of the 3rd over - 1 run, 1 hit, 0 errors, 3 left on base; Germantown 2 - Bompton 2
TOP OF THE 4TH
Germantown Uruguayans batting - Pitching for Bompton Baby Lakers : LHP Zhao-hui Teng
Batting: RHB Kaaleppi Möttölä 0-0: Ball
1-0: Fly out, F4 (Line Drive, 4, EV 71.2 MPH)
Batting: LHB Ta-hye Keng 0-0: Called Strike
0-1: Fly out, F7 (Flyball, 7LM, EV 88.8 MPH)
Batting: SHB Mark Thomas 0-0: Called Strike
0-1: Foul Ball, location: 2F
0-2: Ball
1-2: Ground out 5-3 (Groundball, 56, EV 80.6 MPH)
Top of the 4th over - 0 runs, 0 hits, 0 errors, 0 left on base; Germantown 2 - Bompton 2
BOTTOM OF THE 4TH
Bompton Baby Lakers batting - Pitching for Germantown Uruguayans : RHP Kimmo-Mikka Jokinen
Batting: RHB Kobbe Elders 0-0: Ball
1-0: Called Strike
1-1: Ball
2-1: Foul Ball, location: 2F
2-2: Foul Ball, location: 2F
2-2: Ball
3-2: Base on Balls
Batting: RHB Duane Coleman 0-0: Grounds into double play, 6-4-3 (Groundball, 6, EV 105.0 MPH)
Batting: RHB Keaton Sturge 0-0: Called Strike
0-1: Called Strike
0-2: Ball
1-2: Ball
2-2: Foul Ball, location: 2F
2-2: Fly out, F8 (Flyball, 8RXD, EV 91.9 MPH)
Bottom of the 4th over - 0 runs, 0 hits, 0 errors, 0 left on base; Germantown 2 - Bompton 2
TOP OF THE 5TH
Germantown Uruguayans batting - Pitching for Bompton Baby Lakers : LHP Zhao-hui Teng
Batting: RHB Karnamukha Thirunavu 0-0: Ball
1-0: Fly out, F6 (Line Drive, 6, EV 72.5 MPH)
Batting: LHB Bill Ware 0-0: Ball
1-0: Fly out, F9 (Line Drive, 9, EV 90.6 MPH)
Batting: RHB Will Gamble 0-0: Called Strike
0-1: Ground out 6-3 (Groundball, 6D, EV 103.8 MPH)
Top of the 5th over - 0 runs, 0 hits, 0 errors, 0 left on base; Germantown 2 - Bompton 2
BOTTOM OF THE 5TH
Bompton Baby Lakers batting - Pitching for Germantown Uruguayans : RHP Kimmo-Mikka Jokinen
Batting: RHB David Taylor 0-0: Ball
1-0: Called Strike
1-1: Foul Ball, location: 2F
1-2: Ball
2-2: Foul Ball, location: 2F
2-2: Foul Ball, location: 2F
2-2: Foul Ball, location: 2F
2-2: Ball
3-2: Base on Balls
Batting: RHB Jochen Nelis 0-0: Called Strike
0-1: Grounds into double play, 4-6-3 (Groundball, 34, EV 78.1 MPH)
Batting: LHB Reginald James 0-0: Ball
1-0: Ball
2-0: Foul Ball, location: 2F
2-1: Called Strike
2-2: Foul Ball, location: 2F
2-2: Foul Ball, location: 2F
2-2: Fly out, F8 (Flyball, 8RD, EV 108.1 MPH)
Bottom of the 5th over - 0 runs, 0 hits, 0 errors, 0 left on base; Germantown 2 - Bompton 2
TOP OF THE 6TH
Germantown Uruguayans batting - Pitching for Bompton Baby Lakers : LHP Zhao-hui Teng
Batting: RHB Steve Gill 0-0: Foul Ball, location: 2F
0-1: Swinging Strike
0-2: Strikes out looking
Batting: RHB Rubén Nuańez 0-0: SINGLE (Line Drive, 4MD, EV 105.0 MPH)
Batting: RHB Halewijn Kraan 0-0: Called Strike
0-1: Called Strike
0-2: Fielders Choice at 2nd, 6-4 (Groundball, 6, EV 84.4 MPH)
Batting: RHB Kaaleppi Möttölä 0-0: Ball
1-0: Ball
2-0: Fly out, F9 (Line Drive, 9, EV 91.9 MPH)
Top of the 6th over - 0 runs, 1 hit, 0 errors, 1 left on base; Germantown 2 - Bompton 2
BOTTOM OF THE 6TH
Bompton Baby Lakers batting - Pitching for Germantown Uruguayans : RHP Kimmo-Mikka Jokinen
Batting: LHB Leonardo Valdéz 0-0: Called Strike
0-1: Swinging Strike
0-2: Ball
1-2: Ball
2-2: Foul Ball, location: 2F
2-2: Fly out, F8 (Line Drive, 8LD, EV 92.5 MPH)
Pitching: LHP Juan Herrera
Batting: RHB Jarred Lloyd 0-0: Called Strike
0-1: DOUBLE (Line Drive, 89D, EV 108.8 MPH)
Batting: RHB Tim Rowland 0-0: Ball
1-0: Ball
2-0: Called Strike
2-1: Called Strike
2-2: Foul Ball, location: 2F
2-2: Ground out 6-3 (Groundball, 6, EV 108.1 MPH)
Batting: RHB Kobbe Elders 0-0: Ball
1-0: Foul Ball, location: 2F
1-1: 2-RUN HOME RUN (Flyball, 7D, EV 107.5 MPH), Distance : 351 ft
Batting: RHB Duane Coleman 0-0: Foul Ball, location: 2F
0-1: Foul Ball, location: 2F
0-2: Strikes out swinging
Bottom of the 6th over - 2 runs, 2 hits, 0 errors, 0 left on base; Germantown 2 - Bompton 4
TOP OF THE 7TH
Germantown Uruguayans batting - Pitching for Bompton Baby Lakers : LHP Zhao-hui Teng
Batting: LHB Ta-hye Keng 0-0: Ball
1-0: Ball
2-0: Ball
3-0: Called Strike
3-1: SINGLE (Line Drive, 78S, EV 111.9 MPH)
Batting: SHB Mark Thomas 0-0: Called Strike
Ta-hye Keng is caught stealing 2nd base 2-4
0-1: Ball
1-1: Ground out 6-3 (Groundball, 6, EV 90.0 MPH)
Batting: RHB Karnamukha Thirunavu 0-0: Called Strike
0-1: Foul Ball, location: 2F
0-2: Ball
1-2: Strikes out swinging
Top of the 7th over - 0 runs, 1 hit, 0 errors, 0 left on base; Germantown 2 - Bompton 4
BOTTOM OF THE 7TH
Bompton Baby Lakers batting - Pitching for Germantown Uruguayans : LHP Juan Herrera
Batting: RHB Keaton Sturge 0-0: Swinging Strike
0-1: Ball
1-1: SOLO HOME RUN (Line Drive, 78XD, EV 103.1 MPH), Distance : 402 ft
Pitching: RHP Rafael Galván
Batting: RHB David Taylor 0-0: Called Strike
0-1: Ball
1-1: Ball
2-1: Ball
3-1: Swinging Strike
3-2: Base on Balls
Batting: RHB Jochen Nelis 0-0: Swinging Strike
0-1: Ball
1-1: Swinging Strike
1-2: Strikes out swinging
Batting: LHB Reginald James 0-0: Ball
1-0: Ball
2-0: Swinging Strike
2-1: Ball
3-1: Base on Balls
David Taylor to second
Batting: LHB Leonardo Valdéz 0-0: Ball
1-0: Called Strike
1-1: Ball
2-1: Called Strike
2-2: Strikes out swinging
Batting: RHB Jarred Lloyd 0-0: Foul Ball, location: 2F
0-1: Ball
1-1: Foul Ball, location: 2F
1-2: Ground out 4-3 (Groundball, 4MS, EV 66.2 MPH)
Bottom of the 7th over - 1 run, 1 hit, 0 errors, 2 left on base; Germantown 2 - Bompton 5
TOP OF THE 8TH
Germantown Uruguayans batting - Pitching for Bompton Baby Lakers : LHP Zhao-hui Teng
Now at 2B: Marvin Russell
Batting: LHB Bill Ware 0-0: Called Strike
0-1: Ground out 1-3 (Groundball, 23, EV 83.8 MPH)
Batting: RHB Will Gamble 0-0: Ground out 5-3 (Groundball, 56, EV 79.4 MPH)
Batting: RHB Steve Gill 0-0: Ball
1-0: Called Strike
1-1: Ball
2-1: Ball
3-1: Ground out 5-3 (Groundball, 56S, EV 81.9 MPH)
Top of the 8th over - 0 runs, 0 hits, 0 errors, 0 left on base; Germantown 2 - Bompton 5
BOTTOM OF THE 8TH
Bompton Baby Lakers batting - Pitching for Germantown Uruguayans : RHP Rafael Galván
Batting: RHB Tim Rowland 0-0: Ball
1-0: Ball
2-0: Fly out, F4 (Popup, 4MD, EV 48.8 MPH)
Batting: RHB Kobbe Elders 0-0: Called Strike
0-1: Ball
1-1: Ball
2-1: Swinging Strike
2-2: Strikes out looking
Batting: RHB Duane Coleman 0-0: Called Strike
0-1: Foul Ball, location: 2F
0-2: Ball
1-2: Strikes out looking
Bottom of the 8th over - 0 runs, 0 hits, 0 errors, 0 left on base; Germantown 2 - Bompton 5
TOP OF THE 9TH
Germantown Uruguayans batting - Pitching for Bompton Baby Lakers : LHP Zhao-hui Teng
Pitching: RHP Noah Birkbeck
Batting: RHB Rubén Nuańez 0-0: Called Strike
0-1: Fly out, F9 (Line Drive, 9D, EV 91.9 MPH)
Batting: RHB Halewijn Kraan 0-0: Ball
1-0: SINGLE (Line Drive, 9LM, EV 101.9 MPH)
Batting: RHB Kaaleppi Möttölä 0-0: Called Strike
0-1: Ball
1-1: Called Strike
1-2: SINGLE (Line Drive, 7LM, EV 103.1 MPH)
Halewijn Kraan to second
Pinch Hitting: LHB Adrian Beard 0-0: Ball
1-0: Ball
2-0: Foul Ball, location: 2F
2-1: Grounds into double play, 4-6-3 (Groundball, 34, EV 105.6 MPH)
Top of the 9th over - 0 runs, 2 hits, 0 errors, 1 left on base; Germantown 2 - Bompton 5
Tuesday, January 5th, 2021 - OOTP Baseball 20.8 Build 74